[Event "88th Tata Steel Masters 2026"]
[White "Giri,Anish"]
[Black "Fedoseev,Vladimir"]
[Site "Wijk aan Zee"]
[Round "9.3"]
[Annotator "TA"]
[Result "1/2-1/2"]
[Date "2026.01.27"]
[WhiteElo "2760"]
[BlackElo "2705"]
[PlyCount "98"]
[TimeControl "60"]

1. e4 e5 2. Nf3 Nf6 3. d4 Nxe4 4. dxe5 d5 5. Nbd2 Nxd2 6. Bxd2 {[%emt 0:0:0] C43: Petroff Defence: 3 d4.} Be7 7. Bd3 c5 8. c3 Nc6 9. Qe2 Be6 10. O-O h6 $146 ({Predecessor:} 10... g5 11. Rab1 a6 12. Bc2 h5 13. b3 g4 14. Ne1 Qc7 15. Nd3 O-O-O 16. Rfe1 Kb8 {½-½ Madaminov,M (2560)-Suyarov,M (2482) Wch U20 Blitz 2025 (6)} )11. Rad1 Qd7 12. Be3 Rd8 13. Rfe1 b6 14. b4 O-O 15. bxc5 bxc5 16. h3 Bf5 17. Bxf5 Qxf5 18. Bxc5 Bxc5 19. Qb5 Nxe5 20. Rxe5 Qc2 21. Qe2 {[%emt 0:0:51] Successful Defense White} Qxc3 22. Rexd5 Rxd5 23. Rxd5 Bb6 24. Rd3 Qc4 25. Rd2 Qa4 26. Qd1 Qxd1+ 27. Rxd1 $11 {[%emt 0:0:35][%mdl 4096] Endgame KRB-KRN} Rc8 28. Rd2 h5 29. g3 f6 30. Kg2 g6 31. h4 {[%emt 0:0:46] The position is equal.} Kf7 32. Ng1 Rc4 33. Ne2 a5 34. Nf4 Bc7 35. Nd5 Be5 36. Ne3 Ra4 37. Rc2 Ke6 38. Rc6+ Kd7 39. Rc2 Bd4 40. Nd5 Ke6 41. Nc7+ Kf5 42. Nb5 Be5 43. f4 Ba1 44. Kf3 Ke6 45. a3 f5 46. Rc1 Bb2 47. Rc2 Ba1 48. Rc1 Bb2 49. Rc2 Ba1 {[%emt 0:0:4] An interesting draw.   Weighted Error Value: White=0.04 (flawless) /Black=0.03 (flawless)   OK:         	White=5     	Black=8} 1/2-1/2

[Event "88th Tata Steel Masters 2026"]
[White "Sindarov,Javokhir"]
[Black "Abdusattorov,Nodirbek"]
[Site "Wijk aan Zee"]
[Round "9.4"]
[Annotator "TA"]
[Result "1/2-1/2"]
[Date "2026.01.27"]
[WhiteElo "2726"]
[BlackElo "2751"]
[PlyCount "80"]
[TimeControl "60"]

1. d4 d5 2. c4 c6 3. Nf3 Nf6 4. g3 Bg4 5. Ne5 Bf5 6. cxd5 {[%emt 0:0:0] D11: Slav Defence: 3 Nf3 sidelines and 3...Nf6 4 e3 Bg4.} Qxd5 7. f3 Bxb1 8. Rxb1 Qxa2 9. Bd2 Nbd7 10. e4 {[%emt 0:3:30] Repels Qd5} Nxe5 11. dxe5 Nd7 12. Bc3 Nc5 (12... a6 $11 )13. Ra1 $14 {[%emt 0:3:16] White sacrificed a pawn} Qb3 14. Qxb3 Nxb3 15. Ra3 Nc5 16. b4 Ne6 17. b5 Nc7 18. bxc6 e6 $146 {[%emt 0:0:0] Black is weak on the light squares} ({Predecessor:} 18... bxc6 19. Bc4 e6 20. Ra5 Be7 21. Ke2 O-O 22. Rha1 Nb5 23. Bxb5 cxb5 24. Rxb5 Rfc8 {½-½ Rodshtein,M (2590)-Gurel,E (2560) Prague Challengers 6th 2024 (3)} )19. cxb7 {[%emt 0:5:35] White plays on the queen side and is better. Space Advantage White} Bxa3 20. bxa8=N Nxa8 21. Kd2 Ke7 22. Bd3 Rb8 23. Ra1 Bc5 24. f4 Nc7 25. Ra5 Bg1 26. Ra1 Bc5 27. Ba5 Kd7 28. Bc2 Na6 29. g4 Ke7 30. h4 g6 31. f5 Kf8 32. fxe6 fxe6 {[%emt 0:0:41] The position is equal.} 33. Bd3 Bb4+ 34. Ke3 Bc5+ 35. Kd2 Bb4+ 36. Ke2 Bxa5 37. Rxa5 Nb4 38. Rxa7 Nc6 39. Ra6 Nxe5 40. Rxe6 Nxg4 {[%emt 0:0:0] Weighted Error Value: White=0.04 (flawless) /Black=0.24 (precise)   Mistake:       	---       	Black=1      OK:         	White=3     	Black=9      Best:        	White=1     	Black=3} 1/2-1/2

[Event "88th Tata Steel Masters 2026"]
[White "Van Foreest,Jorden"]
[Black "Keymer,Vincent"]
[Site "Wijk aan Zee"]
[Round "9.5"]
[Annotator "TA"]
[Result "1-0"]
[Date "2026.01.27"]
[WhiteElo "2703"]
[BlackElo "2776"]
[PlyCount "51"]
[TimeControl "60"]

1. Nf3 d5 2. d4 Nf6 3. Bf4 e6 4. e3 Bd6 5. Bd3 Bxf4 6. exf4 Qd6 {[%emt 0:0:0] 6...Qd6 scores better than 6...0-0. D02: 1 d4 d5 2 Nf3 sidelines, including 2...Nf6 3 g3 and 2...Nf6 3 Bf4.} 7. Qd2 b6 8. Nc3 c5 {[%emt 0:7:59] The position is equal.} 9. h4 Nc6 $146 ({Predecessor:} 9... a6 10. Ne5 Nc6 11. Nxc6 Qxc6 12. Be2 Bb7 13. Rh3 O-O 14. h5 h6 15. g4 cxd4 16. Qxd4 {0-1 Tabatabaei,M (2702)-Anton Guijarro,D (2667) ESP-chT CECLUB Honor 2024 (3.13)} )10. h5 Bb7 11. h6 g6 12. Bb5 c4 13. Ne5 Ng8 {[%emt 0:4:4] [#]} (13... O-O $11 )14. O-O-O $1 $16 f6 (14... Nf6 $142 )15. Nxc4 {[%emt 0:5:28] A sharp opening White has more active pieces.} dxc4 16. d5 {[%emt 0:0:35] White plays in the center} (16. Bxc4 Nce7 17. f5 gxf5 $11 )exd5 17. Qe3+ ({Don't take} 17. Nxd5 Kf8 $16 )Kf8 (17... Qe7 $142 )18. Rxd5 $18 Qe7 19. Qd2 Ne5 20. fxe5 Bxd5 21. Nxd5 ({Not} 21. Qxd5 Rd8 22. exf6 (22. Qxc4 Qxe5 23. Ne2 Qd5 $11 )Qxf6 $16 )Qc5 (21... Rd8 )22. Nf4 {[%emt 0:8:7] [#] White threatens Ne6+ and mate. White is clearly winning.} c3 {[%emt 0:10:39] Black is weak on the light squares} 23. Qd7 Qe7 24. Qd5 Re8 25. Bxe8 fxe5 26. Bxg6 {[%emt 0:1:38] Weighted Error Value: White=0.09 (flawless) /Black=1.09   Mistake:       	---       	Black=4      Inaccurate:     	White=1     	Black=3      OK:         	White=1     	Black=2      Strong:       	White=1     	---} 1-0

[Event "88th Tata Steel Masters 2026"]
[White "Erigaisi Arjun"]
[Black "Niemann,Hans Moke"]
[Site "Wijk aan Zee"]
[Round "9.6"]
[Annotator "TA"]
[Result "1/2-1/2"]
[Date "2026.01.27"]
[WhiteElo "2775"]
[BlackElo "2725"]
[PlyCount "44"]
[TimeControl "60"]

1. Nf3 Nf6 2. c4 c5 3. Nc3 Nc6 4. d4 cxd4 5. Nxd4 e6 6. a3 Bc5 7. Nb3 {[%emt 0:0:0] A33: Symmetrical English: 2 Nf3 Nf6 3 d4 cxd4 4 Nxd4 e6 5 Nc3 Nc6.} Bb6 $1 {[%emt 0:0:0][%mdl 4] is recently more successful than 7...Be7.} 8. Bf4 d5 9. c5 Bc7 10. Bxc7 Qxc7 11. Nb5 Qe5 12. Nd6+ Ke7 13. Qc1 Rd8 14. f4 Qh5 15. e3 Ne4 $146 ({Predecessor:} 15... e5 16. Bb5 Ng4 17. Qd1 exf4 18. exf4 Kf8 19. Qe2 d4 20. Bc4 Qh4+ 21. g3 Qf6 {½-½ Oganian,M (2462)-Sek,K (2465) RUS-ch Higher League 70th 2017 (4)} )16. Nxe4 dxe4 17. Be2 Qh4+ 18. g3 Qh3 19. Bf1 Qh5 20. Be2 Qh3 21. Bf1 {[%emt 0:0:36] Dodges Qg2} Qh5 22. Be2 Qh3 {[%emt 0:1:2] A rather calm draw.   Weighted Error Value: White=0.09 (flawless) /Black=0.04 (flawless)   Inaccurate:     	White=2     	---        OK:         	White=1     	Black=7} 1/2-1/2

[Event "88th Tata Steel Masters 2026"]
[White "Praggnanandhaa R"]
[Black "Aravindh,Chithambaram VR."]
[Site "Wijk aan Zee"]
[Round "9.7"]
[Annotator "TA"]
[Result "1-0"]
[Date "2026.01.27"]
[WhiteElo "2758"]
[BlackElo "2700"]
[PlyCount "167"]
[TimeControl "60"]

1. d4 Nf6 2. c4 e6 3. Nf3 d5 4. Nc3 Bb4 5. cxd5 exd5 6. Qa4+ Nc6 7. Bg5 h6 8. Bxf6 Qxf6 9. e3 O-O 10. Rc1 Rd8 11. Bd3 {[%emt 0:0:0] D38: Queen's Gambit Declined: Ragozin Defence (4 Nf3 Bb4).} Bg4 12. Be2 Bf5 13. O-O {[%emt 0:4:25] The position is equal.} Bf8 $146 ({Predecessor:} 13... Bxc3 14. Rxc3 Qd6 15. Rfc1 Rdc8 16. Qb3 Rab8 17. Qa3 Qxa3 18. bxa3 f6 19. Bb5 Bd7 20. Rc5 Be8 {1-0 Martinovici,I (2358)-Sorensen,H (2267) EU-ch U16 28th 2018 (5)} )14. Qb5 Qe6 15. Na4 Rdb8 16. Nc5 Qc8 (16... Qf6 $11 )17. Qb3 (17. Na6 $14 bxa6 18. Qxc6 )Bxc5 18. Rxc5 Ne7 19. Qa3 (19. Rfc1 $5 c6 $8 20. Qd1 $11 )c6 (19... Qd8 $11 {is superior.} )20. b4 (20. Ra5 $14 Ng6 21. Rc1 (21. Rxa7 Rxa7 22. Qxa7 Ra8 $11 ))a6 $11 21. Qb2 Bg4 22. a4 Bxf3 23. Bxf3 Qe6 24. b5 axb5 25. axb5 Ra5 (25... Rc8 $14 )26. Be2 Qd6 27. Rb1 Qd8 28. bxc6 {[%emt 0:5:50] White plays on the queen side and is better} Rxc5 29. dxc5 Nxc6 30. Bf3 Rc8 31. h3 (31. Qxb7 $2 {perishes.} Rb8 $19 )Ne7 32. Qd4 (32. Qxb7 Rxc5 33. Qa6 Qc7 $14 )Rc7 33. e4 {[%emt 0:7:29][%cal Re4d5] White is much more active.} Nc6 34. Qxd5 Rd7 35. Qb3 Nd4 36. Qe3 Nxf3+ 37. Qxf3 $14 {[%emt 0:0:35][%mdl 4096] Endgame KQR-KQR. White is a pawn up.} Qg5 38. Qg4 Qxg4 39. hxg4 {[%emt 0:0:33] KR-KR. White is a pawn up.} Rc7 40. Rb5 Kf8 41. Kf1 Ke7 42. Ke2 Kd7 43. Kd3 Kc6 44. Kc4 Rd7 45. Rb6+ Kc7 46. Rb2 Rd1 47. Kb5 Re1 48. f3 Rd1 49. Rb4 Re1 50. Ra4 Rb1+ 51. Kc4 Rc1+ (51... Kc6 $14 )52. Kd5 $16 Rc2 53. Ra8 Rxg2 54. Rf8 Rd2+ 55. Ke5 Rd7 {[%emt 0:0:41] [#]} ({Black should play} 55... f6+ 56. Ke6 Rf2 )56. Rg8 $1 Kc6 $2 (56... g5 $16 )57. Rxg7 $18 Kxc5 58. Kf6 b5 (58... Rd3 $142 )59. e5 Kd5 60. f4 b4 61. Rxf7 Rxf7+ 62. Kxf7 {[%emt 0:0:1] K3P-KPP. White is a pawn up.} b3 63. e6 b2 64. e7 b1=Q 65. e8=Q {[%emt 0:0:3] KQ-KQ. White is a pawn up.} Qg1 66. Qe5+ Kc6 67. Qe4+ Kb5 68. f5 h5 69. gxh5 Qa7+ 70. Kg6 Qg1+ 71. Kf7 Qa7+ $1 72. Qe7 Qa2+ 73. Qe6 Qa7+ 74. Kf8 Qc5+ 75. Ke8 Ka5 76. h6 Qc7 77. f6 {[%emt 0:1:12][%cal Yf5f6,Yf6f7][%mdl 32] White mates.} Qb8+ 78. Kf7 Qc7+ 79. Kf8 Qc5+ 80. Kg7 Qg1+ 81. Kh8 Qc5 82. f7 Qc3+ 83. Kh7 Qc7 84. Qg6 {[%emt 0:0:18] Weighted Error Value: White=0.08 (flawless) /Black=0.33   Loses game:     	---       	Black=1      Mistake:       	White=2     	Black=6      Inaccurate:     	White=5     	Black=2      OK:         	White=5     	Black=6      Best:        	---       	Black=1      Strong:       	White=1     	---} 1-0

[Event "88th Tata Steel Masters 2026"]
[White "Aravindh,Chithambaram VR."]
[Black "Nguyen,Thai Dai Van"]
[Site "Wijk aan Zee"]
[Round "10.1"]
[Annotator "TA"]
[Result "1-0"]
[Date "2026.01.28"]
[WhiteElo "2700"]
[BlackElo "2656"]
[PlyCount "167"]
[TimeControl "60"]

1. e4 e5 2. Nf3 Nf6 3. d4 Nxe4 4. Bd3 d5 5. Nxe5 Nd7 6. Nxd7 Bxd7 7. O-O Be7 8. Re1 {[%emt 0:0:0][%cal Yc2c4] C43: Petroff Defence: 3 d4.} O-O 9. Nd2 Nf6 10. h3 {[%emt 0:0:0] White has an edge.} Re8 11. Nf3 a6 $146 ({Predecessor:} 11... c5 12. c3 Qb6 13. a4 cxd4 14. a5 Qc7 15. Nxd4 Bc5 16. Rxe8+ Rxe8 17. a6 bxa6 18. Rxa6 {1-0 Carlsen,M (2830)-Abdusattorov,N (2766) Warsaw Superbet Rapid 2024 (5)} )12. c3 c5 13. Bg5 c4 14. Bc2 Be6 15. Re3 Nd7 16. Bxe7 Qxe7 17. Qe2 Nf8 18. Re1 Qd6 19. Ng5 Bd7 20. Qh5 (20. Re7 {simplifies} Qxe7 21. Qxe7 Rxe7 22. Rxe7 Re8 23. Rxe8 Bxe8 24. Nf3 )g6 21. Qh6 Rxe3 22. Rxe3 Re8 23. Nf3 Rxe3 24. fxe3 Qb6 25. b4 a5 26. a3 axb4 27. axb4 Qa6 28. Qh4 Qa1+ 29. Qe1 Qb2 30. Qd2 f5 31. Bd1 Qxd2 32. Nxd2 $11 {[%emt 0:0:35][%mdl 4096] Endgame KBN-KBN} Ne6 33. Kf2 Kg7 34. Nf3 (34. Bf3 $5 Nc7 $8 35. Bd1 $11 )Nc7 35. Ne5 Be6 36. Ba4 {[%emt 0:1:13] Prevents Nb5.} Kf6 37. h4 Na8 38. Bd1 Nb6 39. Ke1 Nc8 40. Bc2 Nd6 41. Kd2 Kg7 42. g3 Kf6 43. Nf3 h6 44. Ne5 Kg7 45. Ke2 Kf6 46. Kd2 g5 47. hxg5+ hxg5 48. Ke2 Bf7 (48... Nb5 $5 49. Kd2 $8 Nd6 $15 )49. Kd2 Bh5 50. Ke1 Ke6 51. Kd2 Kf6 52. Ke1 Ke7 53. Kd2 Ke6 54. Ke1 Be8 55. Kd2 Kf6 56. Ke1 Ke7 57. Nf3 Kf6 58. Ne5 Bh5 59. Kd2 Ke6 60. Ke1 Bg4 61. Kd2 (61. Nxg4 $11 fxg4 62. Kd2 )Bh3 $17 62. Nf3 Kf6 63. Ne5 Ke6 64. Nf3 $1 Kf6 65. Ne5 Bg2 66. Nd7+ Ke7 67. Nc5 Bf3 68. b5 Bh5 (68... Be4 $17 69. Bd1 Nxb5 70. Nxb7 Na3 )69. b6 $15 Be8 70. Ke2 ({White should play} 70. g4 $15 fxg4 71. Ke1 )g4 $19 71. Nxb7 $2 {[%emt 0:17:1] [#]} (71. Kd2 )Nxb7 72. Bxf5 Bd7 73. Bh7 Kd6 74. e4 Be6 {[%emt 0:0:39] Prevents Bg8} 75. Ke3 (75. e5+ $142 Kc6 76. Ke3 )Kc6 $17 76. Bf5 $2 {[%emt 0:1:56][%mdl 8192] [#]} (76. e5 $17 )Bf7 $2 ({Better is} 76... Bxf5 $19 77. exf5 Kxb6 )77. e5 $11 Kxb6 78. Kf4 Kc7 79. Kg5 Nd8 $2 (79... Na5 $11 )80. Bxg4 $18 Be6 81. Bd1 Bh3 82. Kf6 Ne6 $2 (82... Kd7 {keeps fighting.} 83. Bf3 Ne6 (83... Be6 $2 84. g4 $18 )84. Bxd5 Nd8 85. Bxc4 Ne6 86. Bb5+ Kd8 )83. g4 Nf4 (83... Nf8 $142 84. e6 Bf1 (84... Kd6 $2 85. e7 $18 ))84. e6 {[%emt 0:0:4] Weighted Error Value: White=0.03 (flawless) /Black=0.03 (flawless)   Loses game:     	White=1     	Black=1      Missed win:     	---       	Black=1      Mistake:       	White=4     	Black=3      Inaccurate:     	---       	Black=2      OK:         	White=8     	Black=7      Best:        	White=1     	---        Strong:       	White=1     	---} 1-0

[Event "88th Tata Steel Masters 2026"]
[White "Keymer,Vincent"]
[Black "Erigaisi Arjun"]
[Site "Wijk aan Zee"]
[Round "10.2"]
[Annotator "TA"]
[Result "1-0"]
[Date "2026.01.28"]
[WhiteElo "2776"]
[BlackElo "2775"]
[PlyCount "81"]
[TimeControl "60"]

1. e4 e5 2. Nf3 Nc6 3. Bb5 a6 4. Ba4 Nf6 5. O-O Be7 6. d3 b5 7. Bb3 d6 8. c3 O-O 9. h3 Bb7 10. Re1 Na5 11. Bc2 c5 12. Nbd2 Qc7 13. Nf1 Rfe8 14. Ne3 {[%emt 0:8:53] C92: Closed Ruy Lopez: 9...Be6, Karpov and Flohr-Zaitsev Variations.} h6 15. Nh2 c4 $146 ({Predecessor:} 15... Nc6 16. Nhg4 Nd8 17. Qf3 Nxg4 18. hxg4 Ne6 {½-½ Podolsky,H-Lachut,J POL-ch Katowice 1961 (7)} )16. Qf3 {[%emt 0:17:24] White is slightly better.} cxd3 17. Bxd3 h5 18. Nf5 g6 (18... Bd8 $1 $11 )19. Nxe7+ $16 Qxe7 20. Bg5 Kg7 21. Rad1 Qe6 22. Bb1 (22. b3 $16 )Rad8 23. Qg3 (23. b3 $16 )Nc4 (23... d5 $11 {keeps the balance.} )24. b3 Nb6 (24... Na3 $16 )25. f4 $18 exf4 26. Qxf4 Rd7 27. Qf2 Nh7 28. Bf4 {[%emt 0:1:41][%csl Yd6] White attacks a weakness} (28. Be3 $18 Nc8 29. Bd3 )Nc8 $16 29. Nf3 Kg8 30. Qg3 {[%emt 0:0:0] White is more active.} Rde7 31. Nd4 (31. Bxd6 Nxd6 32. Rxd6 Qc8 $14 )Qf6 32. Nf5 Re6 33. Rf1 (33. Nxd6 Nxd6 34. Bxd6 (34. Rxd6 Rxd6 35. Bxd6 h4 $11 )h4 $17 (34... Bxe4 35. Rxe4 Rxe4 36. Bxe4 $16 ))(33. Bxd6 $2 h4 34. Nxh4 (34. Qxh4 $2 Qxh4 35. Nxh4 Nxd6 $19 )(34. Nh6+ $2 Kg7 $17 )Rxd6 (34... Nxd6 $2 35. Rxd6 Rxd6 36. e5 $17 )35. Rxd6 Qxd6 $19 )h4 (33... Kh8 {might work better.} )34. Qg4 (34. Qxh4 $2 {perishes.} gxf5 35. Qg3+ Qg6 36. exf5 Qxg3 37. Bxg3 Re2 $19 )({Less strong is} 34. Nxh4 Bxe4 35. Bh6 Qe5 36. Qxe5 Rxe5 $16 )Qxc3 $2 {[%emt 0:0:58] [#]} (34... Kh8 )35. Bd2 $18 {[%emt 0:1:6] White is clearly winning.} Qb2 36. Nh6+ Kh8 37. Nxf7+ Kg7 38. Nd8 R6e7 39. Nxb7 Rxb7 40. Be3 Nf6 41. Qxh4 {[%emt 0:20:19] Weighted Error Value: White=0.44/Black=0.90   Mistake:       	White=3     	Black=5      Inaccurate:     	White=2     	Black=3      OK:         	White=3     	Black=2      Best:        	White=3     	---} 1-0

[Event "88th Tata Steel Masters 2026"]
[White "Sindarov,Javokhir"]
[Black "Van Foreest,Jorden"]
[Site "Wijk aan Zee"]
[Round "10.3"]
[Annotator "TA"]
[Result "1/2-1/2"]
[Date "2026.01.28"]
[WhiteElo "2726"]
[BlackElo "2703"]
[PlyCount "67"]
[TimeControl "60"]

1. d4 d5 2. c4 e6 3. Nc3 a6 4. cxd5 exd5 5. Nf3 c6 6. e4 {[%emt 0:0:0] D31: Queen's Gambit Declined: Semi-Slav without ...Nf6 (+ Marshall Gambit and Noteboom) and Exchange Variation lines without ...Nf6.} dxe4 7. Ng5 h6 8. Ngxe4 {[%emt 0:0:46] White has an edge.} Be6 {[%emt 0:0:0] Prevents Bc4} 9. Bf4 $146 ({Predecessor:} 9. Be2 Nf6 10. O-O Nbd7 11. Bf4 Nxe4 12. Nxe4 Nf6 13. Nxf6+ gxf6 14. Bf3 Bd6 15. Qd2 {½-½ Tilicheev,V (2525)-Vallejo Pons,F (2687) GRE-chT 47th 2019 (5.6)} )Nd7 10. d5 (10. Be2 $14 {is superior.} )cxd5 $11 {[%emt 0:1:7] The position is equal.} 11. Nxd5 Qa5+ 12. Ndc3 Ngf6 13. Nd6+ Bxd6 14. Bxd6 Nc5 15. Bb5+ axb5 16. Bxc5 Ne4 {[%emt 0:8:5] Wards off Qd6} 17. Qd4 {[%emt 0:6:11][%csl Ye4,Yg7] A sharp opening} Nxc5 18. Qxc5 Rc8 19. Qxb5+ Qxb5 20. Nxb5 Rc2 21. b3 O-O 22. Nd4 Rb2 23. O-O Ra8 24. Nxe6 fxe6 25. g3 Raxa2 26. Rxa2 Rxa2 {[%emt 0:0:36][%mdl 4096] Endgame KR-KR} 27. Re1 Rb2 28. Rxe6 Rxb3 29. Kg2 Kf7 30. Rd6 Ke7 31. Rg6 Kf7 32. Rd6 Ke7 33. Rg6 Kf7 34. Rd6 {[%emt 0:0:36] An interesting draw.   Weighted Error Value: White=0.04 (flawless) /Black=0.04 (flawless)   Mistake:       	White=1     	---        Inaccurate:     	White=1     	Black=1      OK:         	White=8     	Black=3} 1/2-1/2

[Event "88th Tata Steel Masters 2026"]
[White "Erdogmus,Yagiz Kaan"]
[Black "Gukesh D"]
[Site "Wijk aan Zee"]
[Round "10.4"]
[Annotator "TA"]
[Result "0-1"]
[Date "2026.01.28"]
[WhiteElo "2658"]
[BlackElo "2754"]
[PlyCount "100"]
[TimeControl "60"]

1. e4 e5 2. Nf3 Nc6 3. Nc3 Nf6 4. Bb5 Bb4 5. O-O O-O 6. Nd5 Nxd5 7. exd5 e4 {[%emt 0:5:35] C49: Four Knights: 4 Bb5 Bb4.} 8. Ne1 {[%emt 0:0:0][%cal Yc2c3] And now c3! would win.} Nd4 9. a4 Nxb5 $146 {[%emt 0:3:29] The position is equal.} ({Predecessor:} 9... Qh4 10. c3 Nxb5 11. cxb4 Nd4 12. d3 d6 13. dxe4 Qxe4 14. f3 Qxd5 15. Nc2 c5 16. Be3 Qb3 17. Bxd4 cxd4 18. Ra3 Qxb2 19. Qd3 Bf5 {0-1 Rychlik,M (1929)-Majek,K (2127) Polanica Zdroj op-A 61st 2025 (2)} )10. axb5 c6 11. c3 Bc5 12. d3 cxd5 13. Qb3 d6 14. Qxd5 Re8 15. dxe4 Be6 16. Qd3 (16. Qxb7 $2 Rb8 17. Qa6 Bc4 $19 )Qc7 17. Be3 Bxe3 18. Qxe3 Bc4 19. Nd3 Bxb5 20. Rfe1 d5 21. Qc5 Qd7 22. Nb4 dxe4 23. c4 (23. Red1 {with more complications.} b6 24. Qd5 a5 25. c4 )Ba4 {[%emt 0:1:46] Repels Red1} 24. Qa5 Bb3 25. Nd5 Bxc4 26. Nb6 axb6 27. Qxa8 Ba6 {[%emt 0:0:38] [#]} (27... Qc6 $11 {remains equal.} )28. Rxa6 $2 bxa6 $17 29. Qxa6 $16 {[%emt 0:0:32][%mdl 4096] Endgame KQR-KQR. Black is a pawn up.} Qd4 30. Qb5 Re5 31. Qb3 g6 32. Qc3 Qxc3 33. bxc3 $17 {[%emt 0:0:31] KR-KR. Black is a pawn up.} Re6 34. Kf1 f5 35. f3 Kf7 36. fxe4 Rxe4 37. Rb1 Re6 38. c4 Ke7 39. Rb5 Rc6 40. Ke2 Kd7 41. Kf3 ({Better is} 41. Kd3 )Kc7 42. Rb4 Rd6 43. Ra4 (43. Ke3 $17 )Kc6 $19 44. Ra8 Kc5 45. Ra7 h5 46. Rc7+ $2 (46. Ra6 )Rc6 {[%emt 0:1:33] Black is clearly winning.} 47. Rd7 Kxc4 48. Rd1 b5 49. Rc1+ Kd5 50. Rd1+ Ke5 {[%emt 0:0:17] Weighted Error Value: White=0.22 (precise) /Black=0.10 (very precise)   Mistake:       	White=4     	Black=1      Inaccurate:     	White=2     	Black=2      OK:         	White=3     	Black=10     Best:        	White=1     	Black=1} 0-1

[Event "88th Tata Steel Masters 2026"]
[White "Abdusattorov,Nodirbek"]
[Black "Fedoseev,Vladimir"]
[Site "Wijk aan Zee"]
[Round "10.5"]
[Annotator "TA"]
[Result "1/2-1/2"]
[Date "2026.01.28"]
[WhiteElo "2751"]
[BlackElo "2705"]
[PlyCount "108"]
[TimeControl "60"]

1. e4 e5 2. Nf3 Nf6 3. Nxe5 d6 4. Nf3 Nxe4 5. d4 d5 6. Bd3 Bd6 7. O-O O-O 8. c4 c6 9. Qc2 Nd7 {[%emt 0:0:0] C42: Petroff Defence: 3 Nxe5 and unusual White 3rd moves.} 10. Nc3 Ndf6 11. Re1 Be6 $146 {[%emt 0:4:29] White has an edge.} ({Predecessor:} 11... Nxc3 12. bxc3 h6 13. Ne5 Be6 14. c5 Bc7 15. Bf4 Nd7 16. Qd2 Nxe5 17. Bxe5 b6 {½-½ Khripachenko,A (2259)-Timofeev,A (2576) RUS-ch Blitz 2023 (13)} )12. c5 Bc7 13. Ne5 Re8 14. h3 g6 15. Bh6 Bf5 16. g4 Be6 17. f3 Bxe5 18. dxe5 Nxc5 19. Bg5 Nxd3 20. Qxd3 Qb6+ 21. Kg2 (21. Be3 $11 Qc7 22. Bg5 (22. exf6 $2 Qg3+ 23. Kh1 Qxh3+ 24. Kg1 Qg3+ 25. Kh1 Qxf3+ 26. Kh2 Bxg4 $19 ))Qxb2+ $19 22. Re2 Qxa1 23. Qd2 Nd7 24. Re1 {[%emt 0:1:56] [#]} Qxe1 25. Qxe1 {[%emt 0:0:31] [#]} f6 $2 26. exf6 $15 {[%emt 0:0:41] [#]} Bxg4 27. Qb1 $36 {[%emt 0:1:14][%mdl 2048] Black is under pressure.} Be6 28. Qxb7 Kf7 29. Kg3 {[%emt 0:3:23][%mdl 1024] White has compensation.} (29. Qxc6 $2 Rac8 (29... Nxf6 $2 30. Nb5 $18 )30. Qb7 Rxc3 $19 )h6 30. Bf4 g5 31. Bc7 Kg6 32. f7 Bxf7 (32... Kxf7 $11 {deserves consideration.} 33. Qxc6 a6 )33. Qxc6+ $14 Nf6 34. Nb5 a6 (34... Be6 $11 )35. Nd6 {[%emt 0:2:25] White has more active pieces.} (35. Nd4 $16 Rac8 36. Qb7 )Re2 $1 $11 {[%emt 0:5:43] ( -> ...Nh5+)} 36. Nxf7 ({Weaker is} 36. Qxa8 Nh5+ 37. Kg4 Rg2# )Ra7 37. f4 Kxf7 38. Qb6 {[%emt 0:0:30] Some like it hot} Ra8 39. Bd8 gxf4+ 40. Kxf4 Nd7 41. Qc7 Re4+ 42. Kg3 Ke8 43. Bh4 Re6 {[%emt 0:0:8] Inhibits Qc6.} 44. Qb7 Rb8 45. Qxd5 Nf8 46. Bf6 Kf7 47. Bd4 Rbe8 48. a4 Nh7 {[%emt 0:0:48] The position is equal.} 49. a5 Nf6 50. Qc4 Rg8+ 51. Kh2 Rg5 52. Qc7+ Kg6 53. Qc2+ Kf7 54. Qc7+ Kg6 {[%emt 0:0:5] Weighted Error Value: White=0.14 (very precise) /Black=0.09 (flawless)   Mistake:       	White=2     	Black=4      Inaccurate:     	White=4     	Black=2      OK:         	White=13    	Black=14     Best:        	White=3     	Black=2      Strong:       	---       	Black=1      Brilliant:      	---       	Black=1} 1/2-1/2